 Dungeon Crawl Stone Soup version 0.21.1-1-g345015f (webtiles) character file.

43818 letownia2 the Impaler (level 14, -4/103 HPs)
             Began as a Merfolk Ice Elementalist on Feb 15, 2018.
             Was the Champion of Cheibriados.
             Slain by a five-headed hydra (9 damage)
             ... on level 3 of the Swamp on Feb 16, 2018.
             The game lasted 01:37:51 (10725 turns).

letownia2 the Impaler (Merfolk Ice Elementalist)   Turns: 10725, Time: 01:37:52

Health: -4/103     AC: 12    Str: 23    XL:     14   Next: 25%
Magic:  5/24       EV: 21    Int: 32    God:    Cheibriados [******]
Gold:   1235       SH:  0    Dex: 32    Spells: 1/27 levels left

rFire    . . .     SeeInvis .   F - +0 war axe (flame)
rCold    + + .     Gourm    .   (no shield)
rNeg     . . .     Faith    +   W - +0 chain mail {rPois}
rPois    +         Spirit   .   u - +1 helmet
rElec    .         Reflect  .   Y - scarf {rC+ rF+}
rCorr    .         Harm     .   (no gloves)
MR       ++...                  (no boots)
Stlth    ..........             w - amulet of faith
HPRegen  0.27/turn              U - ring of protection from magic
MPRegen  0.19/turn              X - ring of ice

@: very slightly contaminated, very slow
A: change form in water, swift swim, stealthy swim
a: Bend Time, Temporal Distortion, Slouch, Step From Time, Renounce Religion


You were on level 3 of the Swamp.
You worshipped Cheibriados.
Cheibriados was exalted by your worship.
You were hungry.

You visited 4 branches of the dungeon, and saw 21 of its levels.
You also visited: Ossuary.

You collected 1310 gold pieces.
You spent 75 gold pieces at shops.

Inventory:

Hand Weapons
 a - a +4 halberd of freezing
 b - a +5 spear of pain
 F - a +0 war axe of flaming (weapon)
Missiles
 r - 8 tomahawks (quivered)
 s - a throwing net
Armour
 k - a +0 chain mail of magic resistance
 u - a +1 helmet (worn)
 y - the +1 ring mail "Temum" {rElec rF+ rC+ Dex+5}
   (You found it on level 5 of the Dungeon)

   It affects your dexterity (+5).
   It protects you from fire.
   It protects you from cold.
   It insulates you from electricity.
 T - a +3 leather armour
 W - a +0 chain mail of poison resistance (worn)
 Y - a scarf of resistance (worn)
Magical Staves
 J - an uncursed staff of poison
Jewellery
 p - an uncursed ring of resist corrosion
 w - an amulet of faith (around neck)
 B - a +4 ring of strength
 O - a +3 ring of intelligence
 R - an uncursed ring of see invisible
 U - a ring of protection from magic (left hand)
 X - a ring of ice (right hand)
Wands
 f - a wand of flame (29)
 x - a wand of acid (5)
 H - a wand of scattershot (1)
 S - a wand of paralysis (1)
 V - a wand of enslavement (13)
Scrolls
 d - 4 scrolls of blinking
 e - 6 scrolls of teleportation
 h - 7 scrolls of remove curse
 i - 3 scrolls of identify
 m - a scroll of immolation
 o - 2 scrolls of amnesia
 q - a scroll of magic mapping
Potions
 j - 2 potions of ambrosia
 l - 2 potions of cancellation
 t - 4 potions of brilliance
 v - a potion of berserk rage
 z - 2 potions of flight
 A - 2 potions of haste
 C - a potion of invisibility
 G - 4 potions of might
 I - a potion of curing
 K - 3 potions of heal wounds
 L - 2 potions of mutation
 M - 3 potions of resistance
 P - a potion of lignification
 Q - 2 potions of magic
Books
 g - a book of Ice

   Spells                             Type                      Level
   a - Ice Form                       Ice/Transmutation            4
   b - Metabolic Englaciation         Hexes/Ice                    5
   c - Ozocubu's Refrigeration        Ice                          6
   d - Bolt of Cold                   Conjuration/Ice              6
   e - Freezing Cloud                 Conjuration/Ice/Air          6
   f - Simulacrum                     Ice/Necromancy               6
 n - a Young Poisoner's Handbook

   Spells                             Type                      Level
   a - Sting                          Conjuration/Poison           1
   b - Poisonous Vapours              Poison/Air                   2
   c - Mephitic Cloud                 Conjuration/Poison/Air       3
   d - Olgreb's Toxic Radiance        Poison                       4
   e - Venom Bolt                     Conjuration/Poison           5
 E - a book of Debilitation

   Spells                             Type                      Level
   a - Corona                         Hexes                        1
   b - Slow                           Hexes                        2
   c - Inner Flame                    Hexes/Fire                   3
   d - Portal Projectile              Hexes/Translocation          3
   e - Cause Fear                     Hexes                        4
   f - Leda's Liquefaction            Hexes/Earth                  4
 N - a book of Battle

   Spells                             Type                      Level
   a - Infusion                       Charms                       1
   b - Shroud of Golubria             Charms/Translocation         2
   c - Song of Slaying                Charms                       2
   d - Spectral Weapon                Hexes/Charms                 3
   e - Regeneration                   Charms/Necromancy            3
 Z - Ybein's Catalogue of Floating Moulding
   (You found it on level 11 of the Dungeon)

   Spells                             Type                      Level
   a - Poisonous Vapours              Poison/Air                   2
   b - Passwall                       Transmutation/Earth          2
   c - Ignite Poison                  Fire/Transmutation/Poison    3
   d - Spider Form                    Transmutation/Poison         3
   e - Ice Form                       Ice/Transmutation            4
   f - Silence                        Hexes/Air                    5
Miscellaneous
 D - a phantom mirror
Comestibles
 c - 17 rations


   Skills:
 - Level 7.1 Fighting
 - Level 16.0 Polearms
 - Level 5.1 Armour
 - Level 13.7 Dodging
 - Level 2.1 Stealth
 + Level 7.2 Spellcasting
 - Level 2.0 Conjurations
 - Level 3.4 Charms
 - Level 3.0 Summonings
 + Level 2.3 Transmutations
 - Level 8.1 Ice Magic
 + Level 3.3 Air Magic
 - Level 2.0 Poison Magic
 - Level 11.0 Invocations


You had one spell level left.
You knew the following spells:

 Your Spells              Type           Power        Failure   Level  Hunger
a - Freeze                Ice            ####         1%          1    None
d - Throw Icicle          Conj/Ice       ######..     36%         4    #......
e - Mephitic Cloud        Conj/Pois/Air  ####....     32%         3    None
f - Throw Frost           Conj/Ice       ######       5%          2    None
h - Ensorcelled Hibernat  Hex/Ice        ######       9%          2    None
i - Summon Ice Beast      Ice/Summ       ######..     28%         4    #......
n - Ignite Poison         Fire/Tmut/Pois ###.....     43%         3    None
o - Ozocubu's Armour      Chrm/Ice       ######..     9%          3    None
p - Poisonous Vapours     Pois/Air       ####..       14%         2    None
t - Shroud of Golubria    Chrm/Tloc      ###.......   22%         2    None


Dungeon Overview and Level Annotations

Branches:
Dungeon (12/15)            Temple (0/1) D:6            Lair (4/6) D:10
  Swamp (3/4) Lair:4          Orc (2/2) D:11            Elf (0/3) Orc:2
  Snake: Lair:2-4    Spider: Lair:2-4

Altars:
Cheibriados
Hepliaklqana
Nemelex Xobeh
Trog
Zin

Shops:
Orc:2 *!*?

Annotations:
D:3 Grinder, Robin
D:4 1 runed door
D:12 2 runed doors, exclusion: orange crystal statue


Message History

The six-headed hydra bites you.
* * * LOW HITPOINT WARNING * * *
Unknown command.
Unknown command.
You hack one of the six-headed hydra's heads off!
The flame cauterises the wound!
You hit the five-headed hydra. You burn the five-headed hydra.
The five-headed hydra is heavily wounded.
The five-headed hydra is engulfed in blazing flames.
The five-headed hydra bites you!
* * * LOW HITPOINT WARNING * * *
The five-headed hydra bites you but does no damage.
The five-headed hydra bites you.
* * * LOW HITPOINT WARNING * * *
The five-headed hydra bites you.
* * * LOW HITPOINT WARNING * * *
The five-headed hydra completely misses you.
The five-headed hydra is engulfed in blazing flames.
The five-headed hydra bites you!
You die...

.§.≈≈≈≈.≈§
≈≈≈≈≈≈.≈≈
≈≈.≈≈.≈§
...≈§.≈
♣..≈≈♣
♣.§≈♣
♣.≈§♣
♣♣.§D♣
♣...@♣
♣≈≈††♣
♣.....§≈†♣
♣.≈..≈≈≈.♣
♣♣.≈≈≈≈≈.♣
♣..≈≈≈♣≈♣
♣♣[≈≈♣..♣
♣.≈≈ ♣.♣
♣♣.≈ ..♣


You could see a five-headed hydra.

Vanquished Creatures
  An orc warlord (Orc:1)
  Harold (Orc:2)
  A hydra (Swamp:3)
  A catoblepas (Lair:4)
  7 two-headed ogres
  An ogre mage (Orc:1)
  2 tengu warriors
  5 orc high priests (Orc:2)
  An unseen horror (D:12)
  The ghost of HedoNNN the Cleaver, a novice HOMo of Beogh (D:7)
  6 orc knights (Orc:2)
  4 oklob plants (Lair:4)
  A manticore (D:12)
  2 cyclopes (D:11)
  3 ugly things
  Psyche (D:11)
  4 spiny frogs
  A centaur skeleton (D:12)
  A rime drake (Lair:2)
  A komodo dragon (Lair:4)
  4 trolls
  A polar bear (Lair:3)
  5 blink frogs (Swamp:3)
  6 slime creatures (D:12)
  6 hippogriffs
  3 bog bodies (Swamp:3)
  6 dream sheep (Lair:4)
  Sigmund (D:3)
  3 wyverns
  7 yaks
  Menkaure (Ossuary)
  7 vampire mosquitoes
  A warg (Orc:2)
  A swamp worm (Swamp:1)
  6 insubstantial wisps (Swamp:2)
  9 water moccasins
  3 porcupines
  3 ice beasts
  4 necrophages (D:7)
  2 sky beasts
  33 orc warriors
  A swamp drake (Swamp:3)
  2 black bears
  21 ogres
  A phantom (D:9)
  8 centaurs
  3 crocodiles
  3 big kobolds
  9 bullfrogs
  7 gnoll sergeants
  A wyvern skeleton (D:11)
  2 scorpions
  3 killer bees (D:12)
  10 wights
  An electric eel (Lair:1)
  3 centaur zombies
  3 bullfrog zombies
  9 crimson imps
  A quasit (D:8)
  6 hounds
  21 orc priests
  20 orc wizards
  2 iguanas
  Natasha (twice) (D:4)
  Ijyb (D:4)
  7 worker ants
  3 ogre zombies (Ossuary)
  2 hound skeletons
  6 mummies (Ossuary)
  A worker ant zombie (D:5)
  14 adders
  24 gnolls
  A shadow imp (D:6)
  3 oozes
  9 adder zombies
  2 adder skeletons
  A worm (D:2)
  2 dart slugs
  6 leopard geckos
  65 orcs
  2 ball pythons
  4 bats
  3 giant cockroaches
  3 goblins
  4 hobgoblins
  14 jackals
  11 kobolds
  4 quokkas
  5 frilled lizards
  A goblin zombie (Ossuary)
  3 hobgoblin zombies (Ossuary)
  2 kobold zombies (Ossuary)
  An orc zombie (Ossuary)
  A quokka skeleton (D:7)
  4 quokka zombies (Ossuary)
  4 rats
  7 rat zombies (Ossuary)
  A plant (Lair:4)
517 creatures vanquished.

Vanquished Creatures (collateral kills)
  A two-headed ogre (D:8)
  A yak (D:11)
  An ice beast (D:6)
  2 necrophages (D:7)
  A big kobold (D:11)
  A wight (D:7)
  2 jellies
  An orc wizard (D:12)
  An orc priest (Orc:2)
  A mummy (D:7)
  3 orcs
  2 quokka zombies (D:7)
17 creatures vanquished.

Vanquished Creatures (others)
  A bullfrog zombie (D:8)
  An orc wizard (D:8)
  A fungus (Lair:2)
  2 plants
5 creatures vanquished.

Grand Total: 539 creatures vanquished

Notes
Turn   | Place    | Note
-------+----------+-------------------------------------------
     0 | D:1      | letownia2 the Merfolk Ice Elementalist began the quest for the Orb.
     0 | D:1      | Reached XP level 1. HP: 13/13 MP: 3/3
   149 | D:2      | Reached XP level 2. HP: 18/19 MP: 0/5
   219 | D:2      | Reached XP level 3. HP: 16/24 MP: 0/6
   224 | D:2      | Learned a level 3 spell: Ozocubu's Armour
   333 | D:2      | Found a faded altar of an unknown god.
   463 | D:3      | Noticed Grinder
   463 | D:3      | Paralysed by Grinder for 4 turns
   568 | D:2      | Reached skill level 1 in Charms
   689 | D:3      | Noticed Robin
   782 | D:2      | Reached skill level 5 in Ice Magic
   782 | D:2      | Reached XP level 4. HP: 13/30 MP: 0/7
   798 | D:2      | Found a snail-covered altar of Cheibriados.
   802 | D:2      | Became a worshipper of Cheibriados the Contemplative
   904 | D:3      | Noticed a sky beast
   916 | D:3      | Killed a sky beast
   916 | D:3      | Reached XP level 5. HP: 20/35 MP: 2/8
   922 | D:3      | Learned a level 4 spell: Summon Ice Beast
  1055 | D:3      | Noticed Sigmund
  1089 | D:3      | Killed Sigmund
  1089 | D:3      | Reached skill level 1 in Fighting
  1089 | D:3      | Reached skill level 1 in Summonings
  1089 | D:3      | Reached XP level 6. HP: 14/43 MP: 2/10
  1217 | D:3      | Reached * piety under Cheibriados
  1327 | D:4      | Learned a level 2 spell: Throw Frost
  1392 | D:4      | Found a glowing silver altar of Zin.
  1392 | D:4      | Noticed an angel
  1398 | D:4      | Found a runed door.
  1466 | D:4      | Noticed Ijyb
  1471 | D:4      | Killed Ijyb
  1569 | D:4      | Reached XP level 7. HP: 48/48 MP: 8/11
  1687 | D:4      | Noticed Natasha
  1692 | D:4      | Killed Natasha
  1711 | D:4      | Noticed Natasha
  1733 | D:4      | Killed Natasha
  1835 | D:4      | Reached ** piety under Cheibriados
  1893 | D:5      | Entered Level 5 of the Dungeon
  1897 | D:5      | Reached skill level 1 in Armour
  1993 | D:5      | Got a scorched ring mail
  2040 | D:5      | Reached skill level 1 in Polearms
  2068 | D:5      | Identified the +1 ring mail "Temum" {rElec rF+ rC+ Dex+5} (You found it on level 5 of the Dungeon)
  2334 | D:6      | Found a staircase to the Ecumenical Temple.
  2338 | D:6      | Reached *** piety under Cheibriados
  2349 | D:6      | Reached skill level 5 in Dodging
  2349 | D:6      | Reached skill level 1 in Conjurations
  2349 | D:6      | Reached XP level 8. HP: 57/57 MP: 8/12
  2641 | D:7      | Noticed HedoNNN's ghost (novice HOMo)
  2658 | D:7      | Killed HedoNNN's ghost
  2658 | D:7      | Reached skill level 5 in Fighting
  2710 | D:7      | Reached XP level 9. HP: 39/66 MP: 6/13
  2737 | D:7      | Learned a level 4 spell: Throw Icicle
  2773 | D:7      | Reached skill level 2 in Polearms
  2819 | D:7      | Found a bloodstained altar of Trog.
  2893 | D:7      | Reached **** piety under Cheibriados
  2952 | D:7      | Reached skill level 3 in Polearms
  3078 | D:8      | Noticed a two-headed ogre
  3086 | D:8      | Killed a two-headed ogre
  3086 | D:8      | Reached skill level 4 in Polearms
  3197 | D:8      | Noticed a two-headed ogre
  3202 | D:8      | Killed a two-headed ogre
  3202 | D:8      | Reached skill level 5 in Polearms
  3202 | D:8      | Reached XP level 10. HP: 36/72 MP: 5/16
  3272 | D:8      | Reached ***** piety under Cheibriados
  3342 | D:8      | Found a sand-covered staircase.
  3347 | Ossuary  | Entered an ossuary
  3773 | Ossuary  | Noticed Menkaure
  3779 | Ossuary  | Learned a level 3 spell: Inner Flame
  3854 | Ossuary  | Killed Menkaure
  3938 | D:8      | Reached skill level 1 in Invocations
  4152 | D:8      | Found a glowing silver altar of Zin.
  4297 | D:9      | Found a hazy altar of Hepliaklqana.
  4396 | D:9      | Reached skill level 6 in Polearms
  4574 | D:9      | Found a sparkling altar of Nemelex Xobeh.
  4595 | D:9      | Reached skill level 5 in Invocations
  4600 | D:10     | Entered Level 10 of the Dungeon
  4631 | D:10     | Reached skill level 7 in Polearms
  4631 | D:10     | Reached skill level 10 in Dodging
  4697 | D:10     | Noticed a death yak
  4698 | D:10     | Found a staircase to the Lair.
  4698 | D:10     | Noticed a death yak
  4720 | D:10     | Noticed a death yak
  4724 | D:10     | Noticed a death yak
  4725 | D:10     | Noticed a death yak
  5022 | D:10     | Reached skill level 8 in Polearms
  5129 | D:10     | Reached ****** piety under Cheibriados
  5342 | Lair:1   | Entered Level 1 of the Lair of Beasts
  5344 | Lair:1   | Noticed a spiny frog
  5351 | Lair:1   | Killed a spiny frog
  5351 | Lair:1   | Reached skill level 9 in Polearms
  5351 | Lair:1   | Reached XP level 11. HP: 52/79 MP: 5/17
  5423 | Lair:1   | Reached skill level 10 in Polearms
  5733 | Lair:2   | Reached skill level 11 in Polearms
  5888 | Lair:2   | Reached skill level 12 in Polearms
  6413 | Lair:3   | Learned a level 2 spell: Ensorcelled Hibernation
  6530 | D:11     | Noticed a cyclops
  6614 | D:11     | Noticed a white ugly thing
  6617 | D:11     | Noticed a brown ugly thing
  6618 | D:11     | Noticed Psyche
  6629 | D:11     | Killed a white ugly thing
  6727 | D:11     | Killed a cyclops
  6948 | D:11     | Identified Ybein's Catalogue of Floating Moulding
  6988 | D:11     | Noticed a cyclops
  6997 | D:11     | Noticed a red ugly thing
  7005 | D:11     | Killed a cyclops
  7015 | D:11     | Killed a red ugly thing
  7015 | D:11     | Reached skill level 5 in Spellcasting
  7035 | D:11     | Noticed a two-headed ogre
  7044 | D:11     | Killed a two-headed ogre
  7044 | D:11     | Reached XP level 12. HP: 36/86 MP: 0/20
  7177 | D:12     | Learned a level 2 spell: Poisonous Vapours
  7192 | D:12     | Noticed a tengu warrior
  7193 | D:12     | Noticed a tengu warrior
  7238 | D:11     | Killed a tengu warrior
  7238 | D:11     | Reached skill level 1 in Poison Magic
  7336 | D:12     | Killed a tengu warrior
  7336 | D:12     | Reached skill level 1 in Air Magic
  7512 | D:12     | Found a runed door.
  7529 | D:12     | Found the +10 large shield of Ignorance {rN+ Int-4}
  7675 | D:12     | Found a runed door.
  7717 | D:12     | Reached skill level 13 in Polearms
  7780 | D:12     | Learned a level 3 spell: Mephitic Cloud
  8024 | D:12     | Learned a level 3 spell: Ignite Poison
  8064 | D:12     | Reached skill level 1 in Transmutations
  8093 | D:11     | Found a staircase to the Orcish Mines.
  8197 | Orc:1    | Entered Level 1 of the Orcish Mines
  8235 | Orc:2    | Entered Level 2 of the Orcish Mines
  8361 | Orc:2    | Reached skill level 14 in Polearms
  8377 | Orc:2    | Noticed a two-headed ogre
  8380 | Orc:2    | Noticed a two-headed ogre
  8387 | Orc:2    | Killed a two-headed ogre
  8396 | Orc:2    | Killed a two-headed ogre
  8396 | Orc:2    | Reached skill level 10 in Invocations
  8450 | Orc:1    | Noticed an ogre mage
  8450 | Orc:1    | Noticed a two-headed ogre
  8450 | Orc:1    | Noticed a two-headed ogre
  8452 | Orc:1    | Noticed a two-headed ogre
  8454 | Orc:1    | Noticed Harold
  8461 | Orc:1    | Killed an ogre mage
  8463 | Orc:1    | Noticed an orc warlord
  8464 | Orc:1    | Killed a two-headed ogre
  8464 | Orc:1    | Reached XP level 13. HP: 65/91 MP: 2/22
  8470 | Orc:1    | Reached skill level 15 in Polearms
  8498 | Orc:2    | Killed Harold
  8641 | Orc:1    | Killed an orc warlord
  8692 | Orc:2    | Found a staircase to the Elven Halls.
  9019 | Orc:2    | HP: 4/91 [orc priest/divine providence (11)]
  9044 | Orc:2    | Reached skill level 16 in Polearms
  9799 | Orc:2    | Found Xuvais's Assorted Antiques.
  9802 | Orc:2    | Found Woam Wapire's Distillery.
  9804 | Orc:2    | Found Beomn's General Store.
  9805 | Orc:2    | Found Eruengy's Magic Scroll Shop.
  9811 | Orc:2    | Bought a potion of curing for 39 gold pieces
  9812 | Orc:2    | Bought a scroll labeled QYTTIS FOAPH for 36 gold pieces
  9986 | D:11     | Killed Psyche
 10264 | Lair:4   | Reached XP level 14. HP: 93/103 MP: 19/23
 10493 | Lair:4   | Reached skill level 5 in Armour
 10555 | Lair:4   | Found a staircase to the Swamp.
 10576 | Swamp:1  | Entered Level 1 of the Swamp
 10667 | Swamp:2  | Learned a level 2 spell: Shroud of Golubria
 10725 | Swamp:3  | HP: 5/103 [five-headed hydra (6)]
 10725 | Swamp:3  | Slain by a five-headed hydra

Skill      XL: |  1  2  3  4  5  6  7  8  9 10 11 12 13 14 |
---------------+-------------------------------------------+-----
Ice Magic      | 4 5 6 7 8 |  8.1
Charms         | 1 2 3 |  3.4
Fighting       | 1 2 5 6 7 |  7.1
Dodging        | 3 5 7 9 10 13 | 13.7
Summonings     | 1 3 |  3.0
Spellcasting   | 3 4 5 6 7 |  7.2
Armour         | 1 2 4 5 |  5.1
Polearms       | 1 5 9 12 14 16 | 16.0
Conjurations   | 1 2 |  2.0
Invocations    | 5 7 10 11 | 11.0
Poison Magic   | 2 |  2.0
Air Magic      | 2 3 |  3.3
Transmutations | 2 |  2.3
Stealth        | |  2.1

Action                   |  1- 3 |  4- 6 |  7- 9 | 10-12 | 13-15 || total
-------------------------+-------+-------+-------+-------+-------++-------
Melee: Unarmed           |     8 |       |       |       |       ||     8
       Spear             |    20 |    23 |   330 |   860 |    56 ||  1289
       Tailslap          |       |       |     6 |       |       ||     6
       Halberd           |       |       |       |    96 |   378 ||   474
       Staff             |       |       |       |       |     1 ||     1
       War axe           |       |       |       |       |     4 ||     4
Throw: Tomahawk          |       |       |     2 |     8 |     2 ||    12
 Cast: Freeze            |    39 |    44 |   140 |   152 |       ||   375
       Ozocubu's Armour  |       |     1 |     6 |    63 |    21 ||    91
       Throw Frost       |       |       |     4 |    27 |     7 ||    38
       Summon Ice Beast  |       |       |     8 |    13 |     1 ||    22
       Throw Icicle      |       |       |     1 |    18 |       ||    19
       Poisonous Vapours |       |       |       |    27 |    42 ||    69
       Mephitic Cloud    |       |       |       |    10 |    32 ||    42
       Ignite Poison     |       |       |       |     5 |     8 ||    13
Invok: Bend Time         |       |       |       |     2 |       ||     2
       Temporal Distorti |       |       |       |     1 |       ||     1
       Slouch            |       |       |       |     1 |     3 ||     4
Evoke: Wand              |       |       |     8 |     5 |    25 ||    38
  Use: Scroll            |       |       |       |    23 |     7 ||    30
       Potion            |       |       |       |     4 |     3 ||     7
 Stab: Sleeping          |     1 |     4 |     3 |    20 |       ||    28
       Distracted        |       |       |     2 |     1 |       ||     3
       Confused          |       |       |       |     3 |    13 ||    16
       Invisible         |       |       |       |     2 |     6 ||     8
       Paralysed         |       |       |       |       |     9 ||     9
       Petrified         |       |       |       |       |     7 ||     7
  Eat: Chunk             |       |     3 |     6 |    11 |     5 ||    25
       Ration            |       |       |       |     1 |       ||     1
Armor: Robe              |     1 |       |       |       |       ||     1
       Leather armour    |     5 |    13 |    70 |   126 |    32 ||   246
       Ring mail         |       |       |    71 |    40 |       ||   111
       Chain mail        |       |       |       |       |    30 ||    30
Dodge: Dodged            |    23 |    33 |   437 |   867 |   347 ||  1707
